Selects Advanced Infantry Battlegroup
Mechanized Support Center
Selects Convert to Ranger Squad
M1918 Browning Automatic Rifles
Construct Medical Station
Selects Frontline Medical Station
Designate Forward Repair Station
Selects Ranger Weapon Training
Selects Ammunition Storage
Selects M2A1 105mm Howitzer Emplacement
Selects 155mm Rapid Artillery Barrage
M18 Hellcat Tank Destroyer
M18 Hellcat Tank Destroyer
M18 Hellcat Tank Destroyer
155mm Rapid Artillery Barrage
M18 Hellcat Tank Destroyer
M18 Hellcat Tank Destroyer
M4(105) Sherman Bulldozer